 Dungeon Crawl Stone Soup version 0.21-a0-437-ge5bf024 (webtiles) character file.

223 nikopol the Firebug (level 5, -1/28 HPs)
             Began as a Deep Elf Fire Elementalist on Nov 9, 2017.
             Slain by Duvessa
             ... wielding a +0 short sword
              (15 damage)
             ... on level 4 of the Dungeon.
             The game lasted 00:10:38 (2922 turns).

nikopol the Firebug (Deep Elf Fire Elementalist)    Turns: 2922, Time: 00:10:39

Health: -1/28      AC:  2    Str:  5    XL:     5   Next: 66%
Magic:  2/13       EV: 13    Int: 21    God:
Gold:   155        SH:  0    Dex: 15    Spells: 1/12 levels left

rFire    . . .     SeeInvis .   e - +0 short sword
rCold    . . .     Gourm    .   (no shield)
rNeg     . . .     Faith    .   a - +0 robe
rPois    .         Spirit   .   (no helmet)
rElec    .         Reflect  .   (no cloak)
rCorr    .         Harm     .   (no gloves)
MR       .....                  (no boots)
Stlth    ++........             (no amulet)
HPRegen  0.09/turn              (no ring)
MPRegen  0.13/turn              (no ring)

@: no status effects
A: no striking features
a: no special abilities


You were on level 4 of the Dungeon.
You were not hungry.

You visited 1 branch of the dungeon, and saw 4 of its levels.

You collected 155 gold pieces.

Inventory:

Hand Weapons
 e - a +0 short sword (weapon)
Armour
 a - a +0 robe (worn)
Scrolls
 d - a scroll of immolation {unknown}
 h - 2 scrolls of identify {unknown}
 i - 3 scrolls of remove curse {unknown}
 j - 2 scrolls of teleportation {unknown}
 k - 2 scrolls of enchant weapon {unknown}
Potions
 f - a potion of invisibility {unknown}
 g - a potion of degeneration {unknown}
 l - a potion of lignification {unknown}
 m - a potion of curing {unknown}
 o - a potion of might {unknown}
 q - a potion of heal wounds {unknown}
 s - a potion of flight {unknown}
Books
 b - a book of Flames

   Spells                             Type                      Level
   a - Flame Tongue                   Conjuration/Fire             1
   b - Throw Flame                    Conjuration/Fire             2
   c - Conjure Flame                  Conjuration/Fire             3
   d - Inner Flame                    Hexes/Fire                   3
   e - Sticky Flame                   Conjuration/Fire             4
   f - Fireball                       Conjuration/Fire             5
Comestibles
 c - a bread ration
 n - a meat ration
 p - a royal jelly


   Skills:
 + Level 0.1 Fighting
 + Level 2.9 Dodging
 + Level 3.1 Stealth
 + Level 4.4 Spellcasting
 + Level 2.8 Conjurations
 + Level 5.3 Fire Magic


You had one spell level left.
You knew the following spells:

 Your Spells              Type           Power        Failure   Level  Hunger
a - Flame Tongue          Conj/Fire      ###..        2%          1    None
b - Throw Flame           Conj/Fire      ###...       3%          2    #......
c - Conjure Flame         Conj/Fire      ###.....     6%          3    ##.....
d - Fireball              Conj/Fire      ###.......   52%         5    ######.


Dungeon Overview and Level Annotations

Branches:
Dungeon (4/15)
 Temple: D:4-7

Altars:
Dithmenos
Fedhas
Gozag
Ru

Annotations:
D:4 Duvessa


Message History

Duvessa is lightly wounded.
Casting: Flame Tongue
Confirm with . or Enter, or press ? or * to list all spells.
Aiming: Flame Tongue
Press: ? - help, Shift-Dir - straight line, f/p - Duvessa
Aim: Duvessa, wielding a short sword and wearing a ring mail (flame, lightly wounded, berserk, fast, unusually strong)
The flame tongue hits Duvessa.
Duvessa appears unharmed.
Duvessa is lightly wounded.
Duvessa is engulfed in blazing flames.
Duvessa hits you with a short sword!
Ouch! That really hurt!
Casting: Flame Tongue
Confirm with . or Enter, or press ? or * to list all spells.
Aiming: Flame Tongue
Press: ? - help, Shift-Dir - straight line, f/p - Duvessa
Aim: Duvessa, wielding a short sword and wearing a ring mail (flame, moderately wounded, berserk, fast, unusually strong)
The flame tongue hits Duvessa.
Duvessa is heavily wounded.
Duvessa is engulfed in blazing flames.
Duvessa hits you with a short sword!
Ouch! That really hurt!
You die...

##.#.###.
#.........####...#...#
+.........+...........
........?####.......#
....... ##..##..#
..... ##.##..# ..)
#.##..# #e# #.#..)#
######@# #.#.#.#
#...<..# #.....#
#......## ###.###
##.......## #.#
..........# #.#
##.......## #.#
######.############.#
#..[.....[.....#
#.##############


You could see Duvessa (berserk).

Vanquished Creatures
  Dowan (D:4)
  3 gnolls (D:3)
  4 adders
  5 worms
  5 dart slugs
  2 leopard geckos (D:1)
  5 giant cockroaches
  7 goblins
  11 hobgoblins
  2 jackals (D:3)
  2 quokkas (D:3)
  3 bats
  13 frilled lizards
  18 kobolds
  7 rats
88 creatures vanquished.

Notes
Turn   | Place    | Note
-------+----------+-------------------------------------------
     0 | D:1      | nikopol the Deep Elf Fire Elementalist began the quest for the Orb.
     0 | D:1      | Reached XP level 1. HP: 10/10 MP: 6/6
   184 | D:1      | Reached XP level 2. HP: 15/15 MP: 4/8
   464 | D:1      | Reached skill level 4 in Fire Magic
   683 | D:1      | Reached XP level 3. HP: 19/19 MP: 7/9
   687 | D:1      | Learned a level 2 spell: Throw Flame
   691 | D:1      | Learned a level 3 spell: Conjure Flame
   977 | D:2      | Found a sacrificial altar of Ru.
  1100 | D:2      | Found an opulent altar of Gozag.
  1121 | D:2      | Found a shadowy altar of Dithmenos.
  1311 | D:2      | Reached XP level 4. HP: 24/24 MP: 3/11
  2064 | D:3      | Reached skill level 5 in Fire Magic
  2211 | D:3      | Reached XP level 5. HP: 20/28 MP: 0/13
  2492 | D:3      | Learned a level 5 spell: Fireball
  2773 | D:3      | Found a blossoming altar of Fedhas.
  2912 | D:4      | Noticed Dowan
  2916 | D:4      | Noticed Duvessa
  2918 | D:4      | Killed Dowan
  2922 | D:4      | Slain by Duvessa

Vault maps used:
D:1:      sevenhm_arrival_forest_fort_small_1
D:2:      nicolae_ru_path_of_blood, nicolae_overflow_hidden_temple,
          nicolae_dithmenos_shadow_blocks
D:3:      fedhas_altar_4, kennysheep_generic_room_9
D:4:      lemuel_doored_altar, temple_pool_b, first_bread, uniq_duvessa

Skill      XL: |  1  2  3  4  5 |
---------------+----------------+-----
Fire Magic     | 4 5 |  5.3
Stealth        | 3 |  3.1
Spellcasting   | 4 |  4.4
Conjurations   | 2 |  2.8
Fighting       | |  0.1
Dodging        | |  2.9

Action                   |  1- 3 |  4- 6 || total
-------------------------+-------+-------++-------
 Cast: Flame Tongue      |    80 |   101 ||   181
       Conjure Flame     |       |     1 ||     1
       Throw Flame       |       |     1 ||     1
  Eat: Chunk             |     1 |     5 ||     6
Armor: Robe              |     2 |       ||     2
Dodge: Dodged            |     9 |    20 ||    29

Table legend:
 A = Spawn XP
 B = Non-spawn XP
 C = Spawn XP percentage of total XP
 D = Spawn monster count
 E = Non-spawn monster count
 F = Spawn count percentage of total count
 G = Total turns spent on level
                    A         B        C        D         E        F      G
               +---------+---------+-------+---------+---------+-------+---------
         Total |       0 |     319 |   0.0 |       0 |      88 |   0.0 |  2922
               +---------+---------+-------+---------+---------+-------+---------
           D:1 |       0 |      48 |   0.0 |       0 |      29 |   0.0 |   962
           D:2 |       0 |      74 |   0.0 |       0 |      30 |   0.0 |  1011
           D:3 |       0 |     128 |   0.0 |       0 |      28 |   0.0 |   896
           D:4 |       0 |      69 |   0.0 |       0 |       1 |   0.0 |    53
               +---------+---------+-------+---------+---------+-------+---------
